 Dungeon Crawl Stone Soup version 0.16.0-12-g7215832 (webtiles) character file.

190 RobertPalmer the Sneak (level 5, -2/31 HPs)
             Began as an Octopode Enchanter on Mar 18, 2015.
             Slain by a gnoll (7 damage)
             ... on level 3 of the Dungeon.
             The game lasted 00:07:36 (3556 turns).

RobertPalmer the Sneak (Octopode Enchanter)         Turns: 3556, Time: 00:07:37

Health: -2/31      AC:  1    Str:  7    XL:     5   Next: 69%
Magic:  1/9        EV:  7    Int: 17    God:
Gold:   144        SH:  0    Dex: 18    Spells: 3 memorised, 2 levels left

rFire  . . .     SeeInvis .     a - +1 dagger
rCold  . . .     Clarity  .     (no shield)
rNeg   . . .     SustAb   .     (helmet restricted)
rPois  .         Gourm    .     (no amulet)
rElec  .         Spirit   .     (no ring)
rCorr  .         Warding  .     (no ring)
rMut   .         Stasis   .     (no ring)
MR     .....                    (no ring)
Stlth  +++++.....               (no ring)
                                (no ring)
                                (no ring)
                                (no ring)

@: lethally poisoned (-2 -> -10), held, not resistant to hostile enchantments,
quite stealthy
A: almost no armour, amphibious, 8 rings, constrict 8, camouflage 1, agile 2,
gelatinous body 1, MP-powered wands 1
a: no special abilities


You were on level 3 of the Dungeon.
You were not hungry.

You visited 1 branch of the dungeon, and saw 3 of its levels.

You collected 144 gold pieces.

Inventory:

Hand weapons
 a - a +1 dagger (weapon)
Missiles
 h - 30 poisoned needles
Magical devices
 v - a wand of cold (11)
   (You found it on level 3 of the Dungeon)
Scrolls
 e - 5 scrolls of remove curse {unknown}
 f - a scroll of magic mapping {unknown}
 g - a scroll of teleportation {unknown}
 k - a scroll of enchant armour {unknown}
 m - a scroll of enchant weapon {unknown}
 n - a scroll of amnesia {unknown}
 p - a scroll of noise {unknown}
 q - a scroll of fear {unknown}
 r - a scroll of immolation {unknown}
 u - 3 scrolls of identify {unknown}
Potions
 i - a potion of heal wounds {unknown}
 l - a potion of curing {unknown}
 o - 2 potions of haste
Books
 c - a book of Maledictions
Comestibles
 d - 2 bread rations {@e1}
 j - 2 meat rations {@e2}


   Skills:
 - Level 1.0 Short Blades
 - Level 2.0 Dodging
 + Level 5.6 Stealth
 - Level 2.0 Spellcasting
 - Level 5.5 Hexes


You had 2 spell levels left.
You knew the following spells:

 Your Spells              Type           Power        Failure   Level  Hunger
a - Sure Blade            Hex/Chrm       ##........   12%         2    ###....
c - Confuse               Hex            ###.....     8%          3    ###....
v - Corona                Hex            ###....      1%          1    #......


Dungeon Overview and Level Annotations

Branches:
Dungeon (3/15)

Altars:
Ashenzari
Vehumet


Innate Abilities, Weirdness & Mutations

You cannot wear most types of armour.
You are amphibious.
You can wear up to eight rings at the same time.
You can use your tentacles to constrict many enemies at once.
Your skin changes colour to match your surroundings (Stealth).
Your rubbery body absorbs attacks (AC +1).
You are very agile. (Dex +4)
You expend magic power (3 MP) to slightly strengthen your wands.


Message History

You take 1 damage, and have 29/31 hp.
The bat closely misses you. The bat completely misses you.
You hit the bat!
You kill the bat!
You see here a bat corpse.
The helpless kobold fails to defend itself.
You puncture the kobold!!
You kill the kobold!
u - 3 scrolls labeled THRAWU HOUKIAPN (gained 1)
There isn't anything here!
You see here a bat corpse.
You butcher the bat corpse.
s - 3 chunks of flesh {@w0} (gained 1) Health restored: 31 A bat comes into view.
A giant gecko comes into view.
The bat completely misses you. The bat closely misses you.
The bat hits you but does no damage.
You hit the bat.
You kill the bat!
Some of the chunks of flesh in your inventory have rotted away.
The helpless giant gecko fails to defend itself.
You impale the giant gecko!!!
You kill the giant gecko!
No target in view!
Found a stone staircase leading up.
You now have 144 gold pieces (gained 19).
Things that are here:
a club; a kobold corpse A giant mite comes into view.
The giant mite moves out of view.
The gnoll is too close now for your liking.
There are monsters nearby!
You become one with your weapon.
You now have 7/9 mp.
The bond with your blade fades away.
You strike the helpless giant mite from a blind spot!
You puncture the giant mite!!
You kill the giant mite!
The gnoll shouts! x2
You hear a shout!
Aim: a gnoll, wielding a whip (chance 59%)
The gnoll resists with significant effort.
You are feeling hungry.
The gnoll barely misses you.
You now have 5/9 mp.
Aim: a gnoll, wielding a whip (chance 59%)
The gnoll resists with significant effort.
You now have 2/9 mp.
You hit the gnoll. You grab the gnoll. You squeeze the gnoll.
You constrict the gnoll, but do no damage.
The gnoll hits you with a whip.
You take 3 damage, and have 28/31 hp.
You release your grip on the gnoll.
You closely miss the gnoll. You grab the gnoll.
You constrict the gnoll, but do no damage.
The gnoll misses you.
You hit the gnoll. You constrict the gnoll. The gnoll hits you with a club.
You take 4 damage, and have 24/31 hp.
You hit the gnoll. You constrict the gnoll. The gnoll closely misses you.
You hit the gnoll but do no damage. You constrict the gnoll.
The gnoll barely misses you.
You hit the gnoll. You constrict the gnoll. You hit the gnoll but do no damage.
You constrict the gnoll.
You kill the gnoll!
You hit the gnoll but do no damage. Your grab misses the gnoll.
The gnoll hits you with a whip!
You take 8 damage, and have 16/31 hp.
MASSIVE DAMAGE!!
You hit the gnoll.
You kill the gnoll!
You start resting.
Eating a chunk of flesh {@w0}.
You continue eating.
The gnoll shouts!
The gnoll throws a throwing net.
The throwing net hits you.
You become entangled in the net!
You continue eating.
Unknown command.
Unknown command.
Aim: a gnoll (chance 59%)
The gnoll resists with significant effort.
The gnoll hits you!
You take 7 damage, and have 10/31 hp.
MASSIVE DAMAGE!!
You now have 0/9 mp.
Drink which item? (? for menu, Esc to quit)
It was a potion of poison.
That liquid tasted very nasty...
You are lethally poisoned!
* * * LOW HITPOINT WARNING * * *
You feel sick. The gnoll hits you.
* * * LOW HITPOINT WARNING * * *
You take 4 damage, and have 6/31 hp.
Drink which item? (? for menu, Esc to quit)
It was a potion of mutation.
You feel extremely strange.
You feel less able to contain your magic power.
You feel agile. x2
* * * LOW HITPOINT WARNING * * *
You feel sick. The gnoll hits you!
You die...

#. #. #. ## #. ..
###########. #.
######.......[... #.
#...........####.
#.##................
#Sg@..............#.
#.##..............#.
#. #...........<....
#. ######.<.........
.. ######.#........
.# #...............
.. #......#####....
#. #......# #.#..
#......## ##.##.


You could see a gnoll and an adder.

Vanquished Creatures
  A centaur skeleton (D:3)
  2 gnolls (D:3)
  4 adders
  A giant mite (D:3)
  A worm (D:2)
  2 giant geckos
  An ooze (D:2)
  2 orcs (D:3)
  10 bats
  4 giant cockroaches
  8 hobgoblins
  12 jackals
  16 kobolds
  2 ball pythons
  4 giant newts
  10 goblins
  4 rats
84 creatures vanquished.

Notes
Turn   | Place    | Note
--------------------------------------------------------------
     0 | D:1      | RobertPalmer, the Octopode Enchanter, began the quest for the Orb.
     0 | D:1      | Reached XP level 1. HP: 11/11 MP: 3/3
   366 | D:1      | Reached XP level 2. HP: 13/17 MP: 4/4
   463 | D:1      | Learned a level 2 spell: Sure Blade
   593 | D:1      | Reached skill level 4 in Hexes
   734 | D:1      | Reached XP level 3. HP: 21/21 MP: 6/6
   747 | D:2      | Found a radiant altar of Vehumet.
   803 | D:2      | HP: 4/21 [goblin/stone (2)]
  1228 | D:2      | HP: 4/21 [kobold/whip (4)]
  1233 | D:2      | HP: 4/21 [adder (1)]
  1659 | D:2      | Reached XP level 4. HP: 18/27 MP: 4/7
  1963 | D:2      | Reached skill level 5 in Hexes
  2786 | D:3      | Found a shattered altar of Ashenzari.
  2806 | D:3      | HP: 6/27 [jackal (2)]
  2810 | D:3      | Reached XP level 5. HP: 4/31 MP: 7/9
  2812 | D:3      | HP: 3/31 [poisoned by an adder]
  2820 | D:3      | HP: 3/46 [poisoned by an adder]
  2826 | D:3      | HP: 2/46 [poisoned by an adder]
  2832 | D:3      | HP: 2/46 [poisoned by an adder]
  2838 | D:3      | HP: 1/46 [poisoned by an adder]
  3159 | D:3      | Learned a level 3 spell: Confuse
  3293 | D:3      | Reached skill level 5 in Stealth
  3555 | D:3      | HP: 6/31 [gnoll (3)]
  3556 | D:3      | Gained mutation: You expend magic power (3 MP) to slightly strengthen your wands. [potion of mutation]
  3556 | D:3      | Gained mutation: You are agile. (Dex +2) [potion of mutation]
  3556 | D:3      | Gained mutation: You are very agile. (Dex +4) [potion of mutation]
  3556 | D:3      | Slain by a gnoll

Action                   |  1- 3 |  4- 6 || total
-------------------------+-------+-------++-------
Melee: Dagger            |    70 |   100 ||   170
 Cast: Corona            |     1 |       ||     1
       Sure Blade        |     5 |     9 ||    14
       Confuse           |       |     3 ||     3
  Use: Potion            |       |     4 ||     4
 Stab: Sleeping          |     9 |     7 ||    16
       Distracted        |       |     1 ||     1
  Eat: Chunk             |     3 |     7 ||    10

Vault maps used:
D:1:      evilmike_arrival_rings, minmay_splitting_lines
D:2:      fiery_altar_vehumet, minmay_goblin_outpost
D:3:      evilmike_ruin_ashenzari

Table legend:
 A = Turns spent in this place as a percentage of turns spent in the entire game.
 B = Non-inter-level travel turns spent in this place as a percentage of non-inter-level travel turns spent in the entire game.
 C = Inter-level travel turns spent in this place as a percentage of turns spent in this place.
 D = Turns resting spent in this place as a percentage of non-inter-level travel turns spent in this place.
 E = Turns spent auto-exploring this place as a percentage of non-inter-level travel turns spent in this place.
 F = Non-inter-level travel turns spent in this place divided by the number of levels of this place that you've seen.
                   A       B       C       D       E      F
               +-------+-------+-------+-------+-------+----------------------
         Total | 100.0 | 100.0 |   0.4 |   4.1 |   6.1 | 376.0
       Dungeon | 100.0 | 100.0 |   0.4 |   4.1 |   6.1 | 376.0
               +-------+-------+-------+-------+-------+----------------------

Table legend:
 A = Kills in this place as a percentage of kills in entire the game.
 B = Kills by you in this place as a percentage of kills by you in the entire game.
 C = Kills by friends in this place as a percentage of kills by friends in the entire game.
 D = Other kills in this place as a percentage of other kills in the entire game.
 E = Experience gained in this place as a percentage of experience gained in the entire game.
 F = Experience gained in this place divided by the number of levels of this place that you have seen.
                   A       B       C       D       E      F
               +-------+-------+-------+-------+-------+----------------------
         Total | 100.0 | 100.0 |  -nan |  -nan | 100.0 |  90.7
       Dungeon | 100.0 | 100.0 |  -nan |  -nan | 100.0 |  90.7
               +-------+-------+-------+-------+-------+----------------------
